 Dungeon Crawl Stone Soup version 0.21.1-1-g345015fe64 (webtiles) character file.

135 Tropie the Cudgeler (level 4, -2/38 HPs)
             Began as a Minotaur Gladiator on Mar 14, 2018.
             Killed by divine providence
             ... invoked by an orc priest
              (9 damage)
             ... on level 3 of the Dungeon.
             The game lasted 00:07:18 (1439 turns).

Tropie the Cudgeler (Minotaur Gladiator)            Turns: 1439, Time: 00:07:19

Health: -2/38      AC:  9    Str: 20    XL:     4   Next: 97%
Magic:  3/3        EV:  9    Int:  5    God:
Gold:   93         SH:  0    Dex: 11    Spells: 3/3 levels left

rFire    . . .     SeeInvis .   a - +1 flail
rCold    . . .     Gourm    .   (no shield)
rNeg     . . .     Faith    .   k - +0 chain mail
rPois    .         Spirit   .   c - +0 hat
rElec    .         Reflect  .   (no cloak)
rCorr    .         Harm     .   j - +0 pair of gloves
MR       .....                  (no boots)
Stlth    ..........             (no amulet)
HPRegen  0.12/turn              (no ring)
MPRegen  0.08/turn              (no ring)

@: no status effects
A: retaliatory headbutt, horns 2
a: no special abilities


You were on level 3 of the Dungeon.
You were not hungry.

You visited 1 branch of the dungeon, and saw 3 of its levels.

You collected 93 gold pieces.

Inventory:

Hand Weapons
 a - a +1 flail (weapon)
Missiles
 d - 3 throwing nets (quivered)
Armour
 b - a +0 leather armour
 c - a +0 hat (worn)
 h - a +0 scale mail
 j - a +0 pair of gloves (worn)
 k - a +0 chain mail (worn)
 n - a +0 pair of gloves
Jewellery
 q - a -5 ring of evasion
Scrolls
 g - a scroll of noise
 i - 4 scrolls of identify
Potions
 e - a potion of curing
Comestibles
 f - 5 rations
 r - a chunk of flesh


   Skills:
 + Level 3.3 Fighting
 + Level 5.3 Maces & Flails
 + Level 2.1 Throwing
 + Level 1.7 Armour
 + Level 3.9 Dodging
 + Level 0.7 Stealth


You had 3 spell levels left.
You didn't know any spells.

Dungeon Overview and Level Annotations

Branches:
Dungeon (3/15)

Altars:


Innate Abilities, Weirdness & Mutations

You reflexively headbutt those who attack you in melee.
You have a pair of horns on your head.


Message History

The orc priest hits you with a hand axe.
The orc barely misses you. You furiously retaliate!
You headbutt the orc.
You kill the orc!
You hit the orc but do no damage.
The orc priest calls down the wrath of Beogh upon you.
Beogh smites you!
The orc priest mumbles some strange prayers to Beogh against you.
Pain shoots through your body!
* * * LOW HITPOINT WARNING * * *
The orc throws a tomahawk.
The tomahawk hits you.
* * * LOW HITPOINT WARNING * * *
You see here a tomahawk.
The orc throws a tomahawk.
The tomahawk closely misses you.
You see here a tomahawk.
You start resting.
The orc priest casts a cantrip, but nothing happens.
The orc throws a tomahawk.
The tomahawk barely misses you.
The orc priest invokes the aid of Beogh against you.
Beogh smites you!
You die...

#######
#.#...#.#
#.#...#.#
#.#...#.####
#..........#
###...####.#
#....†.##.#
#.####.##.#
#.(..#.##.###
#. #.@......#
##..##o#.#
##.##(#.#
##o.o#.#
##(####.#
#o## #.#
#)o.# #.#
...o.# #.#
.......# #..


You could see an orc priest and an orc.

Vanquished Creatures
  5 adders (D:2)
  5 oozes
  A worm (D:2)
  2 dart slugs (D:1)
  3 leopard geckos
  An orc (D:3)
  4 giant cockroaches
  6 goblins
  5 hobgoblins
  2 jackals (D:1)
  A quokka (D:3)
  A ball python (D:1)
  8 bats
  3 frilled lizards
  8 kobolds
  2 rats (D:2)
57 creatures vanquished.

Notes
Turn   | Place    | Note
-------+----------+-------------------------------------------
     0 | D:1      | Tropie the Minotaur Gladiator began the quest for the Orb.
     0 | D:1      | Reached XP level 1. HP: 18/18 MP: 0/0
   191 | D:1      | Reached skill level 4 in Maces & Flails
   191 | D:1      | Reached XP level 2. HP: 25/25 MP: 1/1
   445 | D:1      | Reached XP level 3. HP: 21/30 MP: 2/2
   983 | D:2      | Reached XP level 4. HP: 26/38 MP: 3/3
  1023 | D:2      | Reached skill level 5 in Maces & Flails
  1064 | D:2      | Reached skill level 1 in Armour
  1439 | D:3      | Killed from afar by an orc priest

Skill      XL: |  1  2  3  4 |
---------------+-------------+-----
Maces & Flails | 4 5 |  5.3
Fighting       | 3 |  3.3
Armour         | 1 |  1.7
Throwing       | |  2.1
Dodging        | |  3.9
Stealth        | |  0.7

Action                   |  1- 3 |  4- 6 || total
-------------------------+-------+-------++-------
Melee: Flail             |    75 |    59 ||   134
       Headbutt          |    11 |    14 ||    25
  Use: Scroll            |     1 |     3 ||     4
       Potion            |       |     2 ||     2
  Eat: Chunk             |       |     2 ||     2
Armor: Leather armour    |     8 |       ||     8
       Scale mail        |    26 |       ||    26
       Chain mail        |    15 |    75 ||    90
Dodge: Dodged            |    53 |    27 ||    80
